 Dungeon Crawl Stone Soup version 0.19.0-18-g426998a (webtiles) character file.

4795 Leybi the Fighter (level 10, -6/111 HPs)
             Began as a Troll Berserker on Nov 11, 2016.
             Was a High Priest of Trog.
             Mangled by an orc warrior
             ... wielding a +0 war axe
              (23 damage)
             ... in a bailey.
             The game lasted 00:20:57 (6553 turns).

Leybi the Fighter (Troll Berserker)                 Turns: 6553, Time: 00:20:58

Health: -6/111     AC:  7    Str: 30    XL:     10   Next: 24%
Magic:  9/9        EV: 10    Int:  3    God:    Trog [*****.]
Gold:   516        SH:  0    Dex:  9    Spells: 0 memorised, 9 levels left

rFire  . . .     SeeInvis .       - Unarmed
rCold  . . .     Gourm    +     F - +0 robe {MR+}
rNeg   . . .     Faith    .     (no shield)
rPois  +         Spirit   .     (helmet restricted)
rElec  .         Reflect  .     p - +1 cloak {rPois}
rCorr  .         Harm     .     (gloves unavailable)
MR     +++..                    (boots unavailable)
Stlth  +.........               o - amulet of regeneration
                                (no ring)
                                (no ring)

@: regenerating
A: unfitting armour, claws 3, fast metabolism 3, gourmand, regeneration 1,
shaggy fur 1, tough skin 2
a: Berserk, Trog's Hand, Brothers in Arms, Burn Spellbooks, Renounce Religion


You were in a bailey.
You worshipped Trog.
Trog was extremely pleased with you.
You were full.

You visited 2 branches of the dungeon, and saw 10 of its levels.
You also visited: Ossuary and Bailey.

You collected 516 gold pieces.

Inventory:

Missiles
 P - 30 tomahawks of returning (quivered)
Armour
 a - a +0 animal skin
 p - a +1 cloak of poison resistance (worn)
 E - the +1 robe "Oschei" {rPois rF++ rCorr Slay-3}
   (You found it on level 6 of the Dungeon)

   It affects your accuracy and damage with ranged weapons and melee attacks
   (-3).
   It greatly protects you from fire.
   It protects you from poison.
   It protects you from acid and corrosion.
 F - a +0 robe of magic resistance (worn)
Jewellery
 o - an amulet of regeneration (around neck)
Wands
 q - a wand of digging (12/24)
 s - a wand of random effects (30/48)
 v - a wand of flame (27/48)
 K - a wand of lightning (4/15)
 M - a wand of teleportation (3/9)
Scrolls
 d - 2 scrolls of recharging {unknown}
 g - a scroll of fog {unknown}
 h - 2 scrolls of fear {unknown}
 j - 6 scrolls of teleportation
 l - a scroll of immolation {unknown}
 m - 3 scrolls of noise {unknown}
 n - 2 scrolls of blinking {unknown}
 r - 6 scrolls of identify
 y - 2 scrolls of magic mapping {unknown}
 z - a scroll of holy word {unknown}
 D - a scroll of vulnerability {unknown}
 H - 3 scrolls of remove curse {unknown}
 I - a scroll of brand weapon {unknown}
Potions
 c - a potion of invisibility
 e - 5 potions of curing
 f - a potion of agility {unknown}
 k - 4 potions of heal wounds
 u - a potion of haste {unknown}
 w - 3 potions of brilliance {unknown}
 x - 2 potions of might {unknown}
 A - a potion of flight {unknown}
 B - a potion of lignification {unknown}
 C - a potion of mutation {unknown}
 G - a potion of degeneration {unknown}
 J - a potion of cure mutation {unknown}
 O - a potion of cancellation {unknown}
Comestibles
 b - 8 bread rations
 i - 3 meat rations
 t - 2 beef jerkies
 N - a slice of pizza


   Skills:
 * Level 10.5 Fighting
 - Level 2.4 Dodging
 + Level 9.4 Unarmed Combat


You had 9 spell levels left.
You didn't know any spells.

Dungeon Overview and Level Annotations

Branches:
Dungeon (9/15)             Temple (1/1) D:5
   Lair: D:8-11         Orc: D:9-12

Altars:
Ashenzari
Cheibriados
Dithmenos
Elyvilon
Fedhas
Gozag
Hepliaklqana
Kikubaaqudgha
Makhleb
Nemelex Xobeh
Okawaru
Qazlal
Ru
Sif Muna
Trog
Uskayaw
Vehumet
Xom
Yredelemnul
Zin
The Shining One


Innate Abilities, Weirdness & Mutations

You are too large for most types of armour.
You have claws for hands.
Your metabolism is lightning-fast.
You like to eat raw meat.
Your natural rate of healing is unusually fast.
You are covered in fur. (AC +1)
You have very tough skin. (AC +2)


Message History

The orc warrior hits you but does no damage.
You claw the orc warrior!
The orc warrior is heavily wounded.
The orc warrior closely misses you.
You claw the orc warrior!
The orc warrior is severely wounded.
You scratch the orc warrior but do no damage.
The orc warrior is severely wounded.
You feel less exhausted.
The orc warrior hits you with a war axe!
* * * LOW HITPOINT WARNING * * *
You barely miss the orc warrior.
The orc warrior is severely wounded.
The orc warrior hits you with a war axe.
* * * LOW HITPOINT WARNING * * *
You closely miss the orc warrior.
The orc warrior is severely wounded.
You feel the effects of Trog's Hand fading.
The orc warrior hits you with a war axe!!
You die...

#....≈.≈...^#
#'###≈o≈###'#
#..†.≈o≈.†..#
#'###≈K≈###(#
#.†..≈o≈...(#
#†###≈g≈###†#
#....≈K≈..((#
#'###≈o≈###(#
#....≈@≈..(.#
######'######
▓.∩.▓ ▓...▓
▓.∩.▓ ▓▓▓▓▓


You could see 2 orc warriors, 2 orcs, a goblin and 2 kobolds.

Vanquished Creatures
  A hill giant (D:8)
  An ugly thing (D:7)
  An orc knight (Bailey)
  A gargoyle (D:7)
  A hippogriff (D:7)
  A wraith (Ossuary)
  Sigmund (D:4)
  Menkaure (D:4)
  Edmund (D:4)
  5 orc warriors
  A phantom (D:6)
  A hornet zombie (D:6)
  An ice beast (D:7)
  3 ogres
  2 centaurs
  2 big kobolds
  2 bullfrogs (D:6)
  A scorpion (D:7)
  A howler monkey (D:4)
  5 wights
  2 crimson imps
  A bullfrog zombie (D:9)
  A hound (D:4)
  2 jellies
  A centaur skeleton (D:4)
  3 orc priests
  3 orc wizards
  A bullfrog skeleton (D:5)
  An iguana (D:9)
  2 worker ants
  A hound zombie (D:7)
  A mummy (Ossuary)
  2 gnolls (Bailey)
  A howler monkey skeleton (D:4)
  7 adders
  An ooze (D:2)
  An adder skeleton (D:6)
  A worm (D:6)
  A dart slug (D:1)
  3 leopard geckos
  16 orcs
  2 ball pythons
  4 bats
  4 giant cockroaches
  8 goblins
  14 hobgoblins
  9 jackals
  28 kobolds
  A quokka (D:6)
  3 frilled lizards (D:1)
  5 gnoll skeletons (Ossuary)
  7 kobold skeletons (Ossuary)
  13 orc skeletons (Ossuary)
  8 rats
  2 rat zombies (D:6)
193 creatures vanquished.

Notes
Turn   | Place    | Note
-------+----------+-------------------------------------------
     0 | D:1      | Leybi the Troll Berserker began the quest for the Orb.
     0 | D:1      | Reached XP level 1. HP: 22/22 MP: 0/0
   215 | D:1      | Reached XP level 2. HP: 19/29 MP: 1/1
   932 | D:2      | Reached ** piety under Trog
   948 | D:2      | Reached XP level 3. HP: 33/36 MP: 2/2
  1024 | D:2      | Reached skill level 3 in Fighting
  1220 | D:2      | Found a deep blue altar of Sif Muna.
  1556 | D:3      | Found a sacrificial altar of Ru.
  1556 | D:3      | Found a hide-covered altar of Uskayaw.
  2095 | D:4      | Noticed Menkaure
  2098 | D:4      | Reached XP level 4. HP: 46/46 MP: 3/3
  2101 | D:4      | Killed Menkaure
  2101 | D:4      | Reached skill level 4 in Fighting
  2101 | D:4      | Reached XP level 5. HP: 55/55 MP: 4/4
  2153 | D:4      | Noticed Sigmund
  2166 | D:4      | Killed Sigmund
  2166 | D:4      | Reached skill level 5 in Unarmed Combat
  2166 | D:4      | Reached XP level 6. HP: 65/65 MP: 5/5
  2303 | D:4      | Found a snail-covered altar of Cheibriados.
  2388 | D:4      | Found a hazy altar of Hepliaklqana.
  2610 | D:4      | Noticed Edmund
  2619 | D:4      | Killed Edmund
  2619 | D:4      | Reached skill level 5 in Fighting
  2620 | D:4      | Reached XP level 7. HP: 72/72 MP: 6/6
  2809 | D:4      | Found a basalt altar of Yredelemnul.
  2809 | D:4      | Found a shimmering altar of Xom.
  3123 | D:5      | Entered Level 5 of the Dungeon
  3260 | D:5      | Found a staircase to the Ecumenical Temple.
  3266 | Temple   | Entered the Ecumenical Temple
  3529 | D:5      | Reached *** piety under Trog
  3529 | D:5      | Reached skill level 6 in Fighting
  3726 | D:6      | Found a sand-covered staircase.
  3739 | Ossuary  | Entered an ossuary
  3739 | Ossuary  | Noticed a wraith
  3739 | Ossuary  | Noticed a wraith
  3739 | Ossuary  | Noticed a wraith
  3867 | Ossuary  | Noticed a wraith
  3886 | Ossuary  | Killed a wraith
  3980 | D:6      | Reached XP level 8. HP: 84/84 MP: 7/7
  4077 | D:6      | Got a warped robe
  4106 | D:6      | Identified the +1 robe "Oschei" {rPois rF++ rCorr Slay-3} (You found it on level 6 of the Dungeon)
  4163 | D:6      | Reached skill level 7 in Fighting
  4304 | D:6      | Reached **** piety under Trog
  4468 | D:6      | Found a shattered altar of Ashenzari.
  4616 | D:6      | Reached skill level 8 in Fighting
  4918 | D:6      | Reached XP level 9. HP: 97/97 MP: 8/8
  5052 | D:7      | Noticed a gargoyle
  5063 | D:7      | Killed a gargoyle
  5098 | D:7      | Found a shattered altar of Ashenzari.
  5113 | D:7      | Reached skill level 9 in Fighting
  5249 | D:7      | Noticed a cyan ugly thing
  5253 | D:7      | Killed a cyan ugly thing
  5553 | D:8      | Reached ***** piety under Trog
  5732 | D:8      | Noticed a hill giant
  5740 | D:8      | Killed a hill giant
  5740 | D:8      | Reached skill level 10 in Fighting
  5740 | D:8      | Reached XP level 10. HP: 110/110 MP: 9/9
  6330 | D:9      | Found a flagged portal.
  6347 | Bailey   | Entered a bailey
  6499 | Bailey   | Noticed an orc knight
  6527 | Bailey   | Killed an orc knight
  6536 | Bailey   | HP: 5/111 [orc warrior/war axe (28)]
  6553 | Bailey   | Mangled by an orc warrior

Skill      XL: |  1  2  3  4  5  6  7  8  9 |
---------------+----------------------------+-----
Fighting       | 3 4 5 6 8 10 | 10.5
Unarmed Combat | 4 5 6 7 9 |  9.4
Dodging        | |  2.4

Action                   |  1- 3 |  4- 6 |  7- 9 | 10-12 || total
-------------------------+-------+-------+-------+-------++-------
Melee: Unarmed           |   119 |    22 |   243 |    83 ||   467
       Punch             |     2 |       |     6 |     2 ||    10
Invok: Berserk           |     1 |     2 |    10 |     1 ||    14
       Trog's Hand       |       |       |       |     1 ||     1
  Use: Scroll            |       |       |     2 |     1 ||     3
       Potion            |       |       |       |     1 ||     1
 Stab: Sleeping          |     1 |       |       |       ||     1
  Eat: Chunk             |    23 |     7 |    40 |     6 ||    76
Armor: Animal skin       |    33 |     3 |    28 |       ||    64
       Robe              |       |       |    32 |    30 ||    62
       Skin              |       |       |     1 |       ||     1
Dodge: Dodged            |    53 |     8 |   122 |    88 ||   271
